 Dungeon Crawl Stone Soup version 0.21.1-1-g345015fe64 (webtiles) character file.

2591 Peloso the Blocker (level 9, -3/75 HPs)
             Began as a Minotaur Fighter on July 25, 2018.
             Slain by an orc warrior
             ... wielding a +0 trident
              (14 damage)
             ... in a bailey.
             The game lasted 00:21:00 (6170 turns).

Peloso the Blocker (Minotaur Fighter)               Turns: 6170, Time: 00:21:00

Health: -3/75      AC: 13    Str: 25    XL:     9   Next: 33%
Magic:  8/8        EV:  9    Int:  8    God:
Gold:   244        SH: 13    Dex: 15    Spells: 8/8 levels left

rFire    . . .     SeeInvis .   a - +1 long sword
rCold    . . .     Gourm    .   c - +1 shield
rNeg     + . .     Faith    .   w - +1 chain mail of Fun {+Fly rN+ Str+3 Dex+3}
rPois    .         Spirit   .   (helmet restricted)
rElec    .         Reflect  .   j - +0 cloak
rCorr    .         Harm     .   (no gloves)
MR       .....                  (no boots)
Stlth    ..........             (no amulet)
HPRegen  0.22/turn              A - +3 ring of intelligence
MPRegen  0.11/turn              r - ring of stealth

@: no status effects
A: retaliatory headbutt, horns 2
a: Evoke Flight


You were in a bailey.
You were hungry.

You visited 2 branches of the dungeon, and saw 8 of its levels.
You also visited: Bailey.

You collected 500 gold pieces.
You spent 256 gold pieces at shops.

Inventory:

Hand Weapons
 a - a +1 long sword (weapon)
 p - a +3 mace
 x - the +2 trident of Mamigod {pierce, +Fly rElec rPois MR- Dex+4}
   (You took it off an orc priest on level 5 of the Dungeon)

   It inflicts extra damage upon your enemies.
   It affects your dexterity (+4).
   It insulates you from electricity.
   It protects you from poison.
   It affects your resistance to hostile enchantments.
   It lets you fly.
Armour
 c - a +1 shield (worn)
 j - a +0 cloak (worn)
 w - the +1 chain mail of Fun (worn) {+Fly rN+ Str+3 Dex+3}
   (You bought it in a shop on level 4 of the Dungeon)

   It affects your strength (+3).
   It affects your dexterity (+3).
   It protects you from negative energy.
   It lets you fly.
Jewellery
 h - an uncursed ring of protection from cold
 m - an uncursed ring of see invisible
 r - a ring of stealth (right hand)
 A - a +3 ring of intelligence (left hand)
Wands
 i - a wand of flame (19)
 y - a wand of clouds (2)
Scrolls
 e - 2 scrolls of amnesia
 g - a scroll of fog
 o - a scroll of magic mapping {unknown}
 q - a scroll of torment {unknown}
 s - a scroll of immolation {unknown}
 t - 2 scrolls of blinking
Potions
 b - a potion of magic
 d - 3 potions of curing
 k - a potion of ambrosia
 l - a potion of degeneration {unknown}
 n - 3 potions of flight {unknown}
 z - a potion of brilliance {unknown}
 B - 3 potions of invisibility {unknown}
 C - 3 potions of heal wounds {unknown}
 D - 2 potions of lignification {unknown}
 E - a potion of berserk rage {unknown}
 F - 3 potions of might
Books
 u - a book of Necromancy

   Spells                             Type                      Level
   a - Pain                           Necromancy                   1
   b - Animate Skeleton               Necromancy                   1
   c - Vampiric Draining              Necromancy                   3
   d - Regeneration                   Charms/Necromancy            3
   e - Animate Dead                   Necromancy                   4
   f - Borgnjor's Vile Clutch         Necromancy/Earth             5
Comestibles
 f - 9 rations
 v - 4 chunks of flesh


   Skills:
 + Level 6.1 Fighting
 + Level 8.6 Long Blades
 + Level 8.1 Armour
 + Level 3.5 Dodging
 + Level 0.8 Stealth
 + Level 8.9 Shields
 + Level 0.2 Evocations


You had 8 spell levels left.
You didn't know any spells.

Dungeon Overview and Level Annotations

Branches:
Dungeon (7/15)             Temple (1/1) D:5

Altars:
Cheibriados
Dithmenos
Elyvilon
Gozag
Kikubaaqudgha
Makhleb
Qazlal
Ru
Sif Muna
Trog
Uskayaw
Vehumet
Wu Jian
Xom
Yredelemnul
Zin
The Shining One

Shops:
D:4 (*[


Innate Abilities, Weirdness & Mutations

You reflexively headbutt those who attack you in melee.
You have a pair of horns on your head.


Message History

The orc warrior hits you with a trident!
You are feeling hungry.
You hit the orc warrior but do no damage.
Your headbutt misses the orc warrior. The orc hits you but does no damage.
The orc hits you from afar with a spear.
Unknown command.
You hit the orc warrior.
The orc warrior is lightly wounded.
The orc warrior hits you with a trident.
You block the orc's attack. The orc barely misses you.
Unknown command.
You hit the orc warrior. You headbutt the orc warrior!
The orc warrior is heavily wounded.
The orc warrior hits you with a trident!
* * * LOW HITPOINT WARNING * * *
You block the orc's attack. The orc barely misses you.
Unknown command.
Okay, then.
The orc warrior hits you from afar with a trident!
You die...

#∩))...∩#
#.......#
#.......#
#.......#
#.......#
#.......#
#.......#
#.......#
#...@...#
##.....##
###o###
#.oo#
#...#
#.o.#
#.).#
###)###
##..)).##


You could see an orc warrior and 3 orcs.

Vanquished Creatures
  An orc knight (Bailey)
  Grinder (D:4)
  Sigmund (D:2)
  Eustachio (D:6)
  The ghost of rzd the Poker, an amateur MfSk (D:3)
  Edmund (D:6)
  A water moccasin (D:6)
  An orc warrior (D:6)
  Purgy (D:4)
  An ogre (D:4)
  3 bullfrogs (D:6)
  A scorpion (D:6)
  3 crimson imps
  5 orc wizards
  A hound (D:4)
  An orc priest (D:5)
  A bullfrog skeleton (D:6)
  2 iguanas (D:4)
  Crazy Yiuf (D:5)
  A worker ant (D:5)
  A hound skeleton (D:4)
  4 gnolls (D:5)
  2 worker ant zombies (D:5)
  11 adders
  2 shadow imps (D:5)
  3 adder skeletons
  2 worms
  4 dart slugs
  5 leopard geckos
  62 orcs
  5 bats
  3 giant cockroaches
  8 goblins
  12 hobgoblins
  5 jackals
  5 kobolds
  A quokka (D:4)
  3 frilled lizards
  A quokka skeleton (D:5)
  7 rats
175 creatures vanquished.

Notes
Turn   | Place    | Note
-------+----------+-------------------------------------------
     0 | D:1      | Peloso the Minotaur Fighter began the quest for the Orb.
     0 | D:1      | Reached XP level 1. HP: 19/19 MP: 0/0
    34 | D:1      | Reached XP level 2. HP: 17/27 MP: 1/1
   489 | D:1      | Reached XP level 3. HP: 33/33 MP: 2/2
   686 | D:2      | Found a sacrificial altar of Ru.
   791 | D:2      | Found a faded altar of an unknown god.
   936 | D:2      | Noticed Sigmund
   964 | D:3      | Found a shadowy altar of Dithmenos.
   995 | D:3      | Reached XP level 4. HP: 34/40 MP: 3/3
  1435 | D:3      | Noticed rzd's ghost (amateur MfSk)
  1453 | D:3      | Killed rzd's ghost
  1453 | D:3      | Reached skill level 5 in Armour
  1453 | D:3      | Reached skill level 1 in Dodging
  1453 | D:3      | Reached skill level 5 in Shields
  1453 | D:3      | Reached XP level 5. HP: 17/46 MP: 4/4
  1961 | D:4      | Noticed Grinder
  1967 | D:4      | Paralysed by Grinder for 7 turns
  1984 | D:4      | Paralysed by Grinder for 6 turns
  1992 | D:4      | Killed Grinder
  1992 | D:4      | Reached XP level 6. HP: 13/53 MP: 5/5
  2275 | D:4      | Found Meoff's General Store.
  2408 | D:4      | Found Kowefewuri's Antique Armour Shoppe.
  2466 | D:4      | Reached XP level 7. HP: 46/60 MP: 6/6
  2563 | D:4      | Found Urieddir's Antique Weapon Boutique.
  2694 | D:4      | Found a stormy altar of Qazlal.
  2735 | D:4      | Noticed Purgy
  2757 | D:4      | Killed Purgy
  2757 | D:4      | Reached skill level 5 in Long Blades
  3456 | D:5      | Entered Level 5 of the Dungeon
  3523 | D:5      | Found an opulent altar of Gozag.
  3595 | D:5      | Reached skill level 5 in Fighting
  3909 | D:5      | Got a brightly glowing trident {pierce}
  3929 | D:5      | Found a staircase to the Ecumenical Temple.
  3945 | Temple   | Entered the Ecumenical Temple
  4045 | D:5      | Reached XP level 8. HP: 68/68 MP: 7/7
  4170 | D:5      | Found a runed door.
  4550 | D:2      | Killed Sigmund
  4902 | D:4      | Bought a jacinth-encrusted chain mail for 256 gold pieces
  4911 | D:4      | Identified the cursed +2 trident of Mamigod {pierce, +Fly rElec rPois MR- Dex+4} (You took it off an orc priest on level 5 of the Dungeon)
  4927 | D:4      | Identified the cursed +1 chain mail of Fun {+Fly rN+ Str+3 Dex+3} (You bought it in a shop on level 4 of the Dungeon)
  5011 | D:5      | Noticed Crazy Yiuf
  5014 | D:5      | Killed Crazy Yiuf
  5162 | D:6      | Found a shimmering altar of Xom.
  5184 | D:6      | Noticed Edmund
  5192 | D:6      | Killed Edmund
  5377 | D:6      | Noticed Eustachio
  5402 | D:6      | Killed Eustachio
  5402 | D:6      | Reached XP level 9. HP: 54/75 MP: 8/8
  5793 | D:7      | Found a flagged portal.
  5815 | Bailey   | Entered a bailey
  6105 | Bailey   | Noticed an orc knight
  6123 | Bailey   | Killed an orc knight
  6170 | Bailey   | Slain by an orc warrior

Skill      XL: |  1  2  3  4  5  6  7  8  9 |
---------------+----------------------------+-----
Armour         | 4 5 6 7 8 |  8.1
Shields        | 4 5 6 8 |  8.9
Fighting       | 4 5 6 |  6.1
Long Blades    | 3 4 5 8 |  8.6
Dodging        | 1 2 3 |  3.5
Stealth        | |  0.8
Evocations     | |  0.2

Action                   |  1- 3 |  4- 6 |  7- 9 || total
-------------------------+-------+-------+-------++-------
Melee: Long sword        |    72 |    83 |   336 ||   491
       Headbutt          |    12 |    16 |    76 ||   104
Evoke: Wand              |       |       |     5 ||     5
  Use: Potion            |       |     1 |     2 ||     3
       Scroll            |       |       |    13 ||    13
  Eat: Chunk             |       |     5 |    12 ||    17
Armor: Scale mail        |    44 |    21 |       ||    65
       Chain mail        |       |     6 |   210 ||   216
Dodge: Dodged            |    23 |    17 |   159 ||   199
Block: Shield            |    42 |    37 |   307 ||   386
       Rpst.: Long sword |     6 |     4 |    29 ||    39
